 Dungeon Crawl Stone Soup version 0.31-a0-202-g547052bce9 (webtiles) character file.

Game seed: 1153639901426003289

121 qw the Skirmisher (level 4, -2/25 HPs)
             Began as a Deep Elf Hunter on June 26, 2023.
             Slain by a hobgoblin (5 damage)
             ... led by Robin
             ... on level 3 of the Dungeon.
             The game lasted 00:00:42 (1591 turns).

qw the Skirmisher (Deep Elf Hunter)                 Turns: 1591, Time: 00:00:43

Health: -2/25      AC:  7    Str: 10    XL:     4   Next: 76%
Magic:  6/6        EV: 12    Int: 14    God:
Gold:   95         SH:  0    Dex: 18    Spells: 3/3 levels left

rFire   . . .        Y - +1 shortbow
rCold   . . .        (shield currently unavailable)
rNeg    . . .        l - +0 troll leather armour
rPois   .            (no helmet)
rElec   .            (no cloak)
rCorr   .            j - +0 pair of gloves
SInv    .            f - +1 pair of boots
Will    .....        (no amulet)
Stlth   ++           (no ring)
HPRegen 1.04/turn    (no ring)
MPRegen 0.10/turn

%: no passive effects
@: about to teleport
A: no striking features
a: no special abilities


You were on level 3 of the Dungeon.
You visited 1 branch of the dungeon, and saw 3 of its levels.

You collected 167 gold pieces.
You spent 72 gold pieces at shops.


   Skills:
 - Level 1.5 Fighting
 + Level 8.2 Ranged Weapons
 - Level 2.4 Dodging
 - Level 1.2 Stealth


You had 3 spell levels left.
You didn't know any spells.
Your spell library was empty.

Inventory:

Hand Weapons
 Y - a +1 shortbow (weapon)
Armour
 f - a +1 pair of boots (worn)
 j - a +0 pair of gloves (worn)
 l - a +0 troll leather armour (worn)
Jewellery
 i - an amulet of guardian spirit
Wands
 g - a wand of digging (5)
Scrolls
 a - a scroll of identify
 b - a scroll of teleportation
 c - a scroll of immolation {unknown}
Potions
 d - a potion of heal wounds {unknown}
 e - a potion of berserk rage {unknown}
 h - a potion of mutation {unknown}

Dungeon Overview and Level Annotations

Branches:
Dungeon (3/15)

Altars:
Ashenzari
Makhleb
Xom
Zin

Shops:
D:2 (*!=!

Annotations:
D:3 Robin


Message History

The goblin hits you with a +0 dagger.
The hobgoblin hits you but does no damage.
The goblin misses you.
You shoot an arrow. The arrow hits the goblin!
You kill the goblin!
The hobgoblin hits you. The goblin hits you with a +0 club.
You shoot an arrow. The arrow barely misses the goblin.
The hobgoblin barely misses you. The goblin hits you with a +0 club.
The goblin hits you but does no damage. x2
You shoot an arrow. The arrow completely misses the goblin.
The hobgoblin closely misses you. The goblin closely misses you.
The goblin hits you but does no damage. The goblin completely misses you.
You shoot an arrow. The arrow hits the goblin!
You kill the goblin!
The hobgoblin misses you. The goblin hits you but does no damage.
The goblin closely misses you.
You shoot an arrow. The arrow closely misses the goblin.
The goblin hits you but does no damage. The hobgoblin barely misses you.
The goblin hits you with a +0 club. x2
You shoot an arrow. The arrow hits the goblin.
The goblin is moderately wounded.
The hobgoblin no longer looks unusually strong. x2
The goblin no longer looks unusually strong.
Robin roars a battlecry!
The goblins go into a battle-frenzy!
The goblin hits you but does no damage.
The hobgoblin hits you but does no damage.
The goblin hits you with a +0 club. The goblin closely misses you.
1590 ||| READING 2 scrolls of teleportation.
As you read the scroll of teleportation, it crumbles to dust.
You feel strangely unstable.
The goblin no longer looks unusually strong. x2
The goblin hits you with a +0 dagger. The hobgoblin closely misses you.
The goblin hits you but does no damage. The goblin hits you with a +0 club.
You shoot an arrow. The arrow hits the goblin.
You kill the goblin!
The goblin no longer looks unusually strong.
A goblin comes into view. It is wielding a +0 dagger.
The hobgoblin hits you.
You die...

##########
##......). ##
#.#....)# #.
#..#gg)#.# #.
#...#@gg# #.
#...##gg.... #.
##...## ..... #.
############...#.#
.### ######
..........##..#..#
+ ......
.....###.###.#...#
######
.....#.....##....#
#...
.....#.....#.....#
#.##
.....#....#..#.!.#
#<#


You could see 2 hobgoblins and 4 goblins.

Vanquished Creatures
  A hound (D:3)
  An orc wizard (D:3)
  A worm (D:3)
  3 dart slugs
  3 orcs (D:3)
  6 bats
  4 endoplasms
  2 giant cockroaches (D:2)
  12 goblins
  3 hobgoblins
  A kobold (D:2)
  A quokka (D:2)
  6 ball pythons
  5 frilled lizards
  3 rats (D:2)
52 creatures vanquished.

Notes
Turn   | Place    | Note
-------+----------+-------------------------------------------
     0 | D:1      | qw the Deep Elf Hunter began the quest for the Orb.
     0 | D:1      | Reached XP level 1. HP: 12/12 MP: 3/3
     0 | D:1      | 0 ||| qw: Version: 0.3-a-22-g0ed2b0b
     0 | D:1      | 0 ||| qw: Game counter: 6348
     0 | D:1      | 0 ||| qw: Melee chars always use a shield: true
     0 | D:1      | 0 ||| qw: God list: Okawaru
     0 | D:1      | 0 ||| qw: Allow faded altars: false
     0 | D:1      | 0 ||| qw: Do Orc after clearing Dungeon:15 true
     0 | D:1      | 0 ||| qw: Do second Lair branch before Depths: true
     0 | D:1      | 0 ||| qw: Lair rune preference: random
     0 | D:1      | 0 ||| qw: Goals: Normal
     0 | D:1      | 0 ||| PLANNING D:1-11
   107 | D:1      | Reached XP level 2. HP: 16/16 MP: 4/4
   132 | D:1      | Reached skill level 6 in Ranged Weapons
   812 | D:1      | 812 ||| UPGRADING to +1 pair of boots.
   817 | D:1      | 817 ||| UPGRADING to +0 pair of gloves.
   822 | D:1      | 822 ||| READING 2 scrolls labelled AHE FI KINISCHI.
   823 | D:1      | 823 ||| READING scroll labelled HANE PELEGO.
   824 | D:1      | 824 ||| DROPPING scroll of butterflies.
   873 | D:2      | Reached XP level 3. HP: 20/20 MP: 5/5
   879 | D:2      | Found a shimmering altar of Xom.
   881 | D:2      | Found Lyisamoc's Antique Weapon Shoppe.
   881 | D:2      | Found Wuvvuix's Assorted Antiques.
   897 | D:2      | 897 ||| BUYING 2 brown potions (48 gold).
   897 | D:2      | Bought 2 brown potions for 48 gold pieces
   897 | D:2      | 897 ||| SHOPLISTING gold wand (108 gold, have 28).
   897 | D:2      | 897 ||| BUYING sapphire potion (24 gold).
   897 | D:2      | Bought a sapphire potion for 24 gold pieces
   897 | D:2      | Found Xueseox's Distillery.
   907 | D:2      | 907 ||| SHOPLISTING potion of cancellation (88 gold, have
                  | 4).
   907 | D:2      | 907 ||| SHOPLISTING potion of curing (33 gold, have 4).
   907 | D:2      | 907 ||| SHOPLISTING potion of might (44 gold, have 4).
  1006 | D:2      | Found Tekkoas's Jewellery Boutique.
  1010 | D:2      | Found Figh's Distillery.
  1014 | D:2      | 1014 ||| SHOPLISTING +6 ring of dexterity (504 gold, have
                  | 28).
  1014 | D:2      | 1014 ||| SHOPLISTING amulet of faith (560 gold, have 28).
  1014 | D:2      | 1014 ||| SHOPLISTING amulet of reflection (420 gold, have
                  | 28).
  1014 | D:2      | 1014 ||| SHOPLISTING ring of ice (350 gold, have 28).
  1014 | D:2      | 1014 ||| SHOPLISTING ring of poison resistance (280 gold,
                  | have 28).
  1014 | D:2      | 1014 ||| SHOPLISTING ring of positive energy (280 gold,
                  | have 28).
  1014 | D:2      | 1014 ||| SHOPLISTING ring of resist corrosion (280 gold,
                  | have 28).
  1024 | D:2      | 1024 ||| SHOPLISTING potion of curing (33 gold, have 28).
  1024 | D:2      | 1024 ||| SHOPLISTING potion of heal wounds (55 gold, have
                  | 28).
  1024 | D:2      | 1024 ||| SHOPLISTING potion of resistance (110 gold, have
                  | 28).
  1222 | D:2      | Reached skill level 7 in Ranged Weapons
  1230 | D:2      | 1230 ||| UPGRADING to +0 troll leather armour.
  1240 | D:2      | 1240 ||| DROPPING +0 leather armour.
  1241 | D:2      | 1241 ||| READING 2 scrolls labelled TEETWOE QASK.
  1245 | D:2      | 1245 ||| READING scroll labelled GAECRIN FIQYS.
  1246 | D:2      | 1246 ||| READING 3 scrolls labelled QYECUI UPUNUZ.
  1254 | D:2      | 1254 ||| DRINKING 2 brown potions.
  1255 | D:2      | 1255 ||| DRINKING 3 metallic yellow potions.
  1256 | D:2      | 1256 ||| DROPPING potion of brilliance.
  1257 | D:2      | 1257 ||| DROPPING 2 scrolls of torment.
  1295 | D:3      | 1295 ||| Stepping ~*~*~tactically~*~*~ (outnumbered).
  1297 | D:3      | 1297 ||| Stepping ~*~*~tactically~*~*~ (outnumbered).
  1308 | D:3      | 1308 ||| DRINKING 2 potions of curing.
  1308 | D:3      | 1308 ||| (to cure confusion)
  1310 | D:3      | 1310 ||| DRINKING potion of curing.
  1310 | D:3      | 1310 ||| (to cure confusion)
  1333 | D:3      | Reached XP level 4. HP: 25/25 MP: 6/6
  1375 | D:3      | Found a burning altar of Makhleb.
  1437 | D:3      | Reached skill level 8 in Ranged Weapons
  1498 | D:3      | Found a broken altar of Ashenzari.
  1505 | D:3      | Found a glowing silver altar of Zin.
  1577 | D:3      | Noticed Robin
  1589 | D:3      | HP: 6/25 [goblin/+0 club[Robin] (3)]
  1590 | D:3      | 1590 ||| READING 2 scrolls of teleportation.
  1590 | D:3      | HP: 2/25 [goblin/+0 club[Robin] (3)]
  1591 | D:3      | Slain by a hobgoblin

Levels and vault maps discovered:
D:1:      eino_arrival_cavern_b, layout_basic, kennysheep_small_spiral
D:2:      layout_rooms, serial_shops, shop, shop, shop, shop,
          nicolae_shop_tiny_statue_garden, basic_altar
D:3:      layout_basic, mainiacjoe_overflow_catwalk_spiral,
          mainiacjoe_overflow_brackets, hangedman_decor_slide_cut,
          minmay_misc_feat_rows, uniq_robin

Skill      XL: |  1  2  3  4 |
---------------+-------------+-----
Ranged Weapons | 6 7 8 |  8.2
Fighting       | |  1.5
Dodging        | |  2.4
Stealth        | |  1.2

Action                     |  1- 3 |  4- 6 || total
---------------------------+-------+-------++-------
   Fire: Shortbow          |   108 |    39 ||   147
    Use: Scroll            |     5 |     1 ||     6
         Potion            |     4 |       ||     4
 Armour: Leather armour    |     6 |       ||     6
         Troll leather arm |    15 |    13 ||    28
  Dodge: Dodged            |    25 |    16 ||    41

Table legend:
 A = Non-vault XP
 B = Vault XP
 C = Vault XP percentage of total XP
 D = Non-vault monster count
 E = Vault monster count
 F = Vault count percentage of total count
                 A         B        C        D         E       F
            +---------+---------+-------+---------+---------+-------
      Total |     163 |      11 |   6.3 |      46 |       6 |  11.5
            +---------+---------+-------+---------+---------+-------
        D:1 |      36 |       0 |   0.0 |      19 |       0 |   0.0
        D:2 |      27 |       0 |   0.0 |      16 |       0 |   0.0
        D:3 |     100 |      11 |   9.9 |      11 |       6 |  35.3
            +---------+---------+-------+---------+---------+-------
